 Dungeon Crawl Stone Soup version 0.30-a0-313-gae38170b09 (webtiles) character file.

Game seed: 17639227922622379756

840 scionoferis the Charlatan (level 7, -2/36 HPs)
             Began as a Spriggan Artificer on Oct 26, 2022.
             Was an Initiate of Nemelex Xobeh.
             Killed by divine providence
             ... invoked by an orc priest
              (15 damage)
             ... on level 4 of the Dungeon.
             The game lasted 00:17:36 (4726 turns).

scionoferis the Charlatan (Spriggan Artificer)      Turns: 4726, Time: 00:17:36

Health: -2/36      AC:  2    Str:  8    XL:     7   Next: 67%
Magic:  8/8        EV: 22    Int: 12    God:    Nemelex Xobeh [......]
Gold:   262        SH:  6    Dex: 18    Spells: 6/6 levels left

rFire   . . .      SeeInvis +    a - +0 dagger
rCold   . . .      Faith    .    m - +0 buckler
rNeg    + . .      Spirit   .    z - +0 robe
rPois   .          Reflect  .    (helmet restricted)
rElec   .          Harm     .    (no cloak)
rCorr   .          Rampage  .    (gloves unavailable)
Will    +....                    (boots unavailable)
Stlth   +++.......               (no amulet)
HPRegen 0.26/turn                g - ring of positive energy
MPRegen 0.11/turn                q - +4 ring of evasion

@: very quick
A: very small, no large weapons, unfitting armour, see invisible, speed 3
a: Renounce Religion, Draw Escape, Draw Destruction, Draw Summoning


You were on level 4 of the Dungeon.
You worshipped Nemelex Xobeh.
Nemelex Xobeh was noncommittal.
You visited 1 branch of the dungeon, and saw 5 of its levels.

You collected 262 gold pieces.

Inventory:

Hand Weapons
 a - a +0 dagger (weapon)
 b - a +0 sling
Missiles
 B - 16 poisoned darts (quivered)
Armour
 m - a +0 buckler (worn)
 z - a +0 robe (worn)
Jewellery
 g - a ring of positive energy (left hand)
 q - a +4 ring of evasion (right hand)
 w - a ring of positive energy
Wands
 d - a wand of charming (15)
 e - a wand of iceblast (2)
Scrolls
 c - a scroll of immolation {unknown}
 f - 2 scrolls of noise {unknown}
 i - a scroll of poison {unknown}
 j - 2 scrolls of identify {unknown}
 l - a scroll of magic mapping {unknown}
 p - 3 scrolls of teleportation {unknown}
 s - a scroll of enchant armour {unknown}
 t - a scroll of brand weapon {unknown}
 u - a scroll of enchant weapon {unknown}
 v - a scroll of blinking {unknown}
 y - 2 scrolls of vulnerability {unknown}
 A - a scroll of silence {unknown}
Potions
 h - a potion of haste {unknown}
 k - a potion of attraction {unknown}
 n - 2 potions of heal wounds {unknown}
 o - a potion of curing {unknown}
 r - a potion of cancellation {unknown}
 x - 2 potions of lignification {unknown}
 C - a potion of ambrosia {unknown}
 D - a potion of flight {unknown}


   Skills:
 + Level 3.5 Fighting
 * Level 4.0 Short Blades
 + Level 5.1 Dodging
 + Level 5.1 Stealth
 + Level 1.8 Shields
 * Level 1.2 Invocations
 + Level 5.8 Evocations


You had 6 spell levels left.
You didn't know any spells.
Your spell library contained the following spells:

 Spells                   Type           Power      Damage    Failure   Level
 Apportation              Tloc           0%         N/A       56%         1
 Necrotise                Necr           0%         1d4       56%         1
 Summon Small Mammal      Summ           0%         N/A       56%         1
 Hailstorm                Conj/Ice       0%         3d3       91%         3
 Ice Form                 Ice/Tmut       0%         N/A       100%        4
 Simulacrum               Ice/Necr       0%         N/A       100%        6


Dungeon Overview and Level Annotations

Branches:
Dungeon (5/15)
 Temple: D:4-7

Altars:
Cheibriados
Nemelex Xobeh
Trog
The Shining One

Shops:
D:1 !

Annotations:
D:3 Grinder
D:4 Edmund


Innate Abilities, Weirdness & Mutations

You are very small and have problems with some larger weapons.
You are too small for most types of armour.
You have supernaturally acute eyesight. (SInv)
You cover ground extremely quickly. (Speed+++)


Message History

You hit the orc priest.
The orc priest is moderately wounded.
The orc priest completely misses you.
You hit the orc priest.
The orc priest is heavily wounded.
The orc priest hits you with a +0 club.
You hit the orc priest.
The orc priest is heavily wounded.
You block the orc priest's attack.
You hit the orc priest but do no damage.
The orc priest is heavily wounded.
The orc priest invokes the aid of Beogh against you.
You resist with significant effort.
You hit the orc priest but do no damage.
The orc priest is heavily wounded.
The orc priest looks satisfied for a moment.
You hit the orc priest.
The orc priest is heavily wounded.
The orc priest completely misses you.
You hit the orc priest.
The orc priest is severely wounded.
The orc priest hits you with a +0 club.
You hit the orc priest but do no damage.
The orc priest is severely wounded.
You block the orc priest's attack.
You hit the orc priest but do no damage.
The orc priest is severely wounded.
You hit the orc priest.
The orc priest is almost dead.
The orc priest mumbles some strange prayers to Beogh against you.
Beogh smites you!
You are too injured to fight recklessly!
You are too injured to fight recklessly!
You are too injured to fight recklessly!
You hit the orc priest.
The orc priest is almost dead.
The orc priest invokes the aid of Beogh against you.
Beogh smites you!
You die...
Your body disappears without a glow.

##########...#....#.......#...)..
##...........#....#.......#...)..
##................#.......#......
##................#########......
#........#.......######....###..
#...................#...#### #..
##...............#.....########..
.#.................#...)##.......
.##......#.....o@..#.............
.##......#.......#.#.............
.##......#.###...#.#.............
.##......#.# #...#.#.............
.##......#.# #...#.#.............
.#.......#.###...#.#.#####.......
.##......#.......#.#..# #....[..
.###.....##........##.# ########
...#...(.##.#<...####.#


You could see an orc priest.

Vanquished Creatures
  A black bear (D:5)
  A phantom (D:4)
  2 necrophages (D:5)
  4 scorpions
  2 jellies (D:5)
  A hound (D:3)
  An orc priest (D:4)
  An iguana (D:4)
  An orc wizard (D:4)
  5 adders
  An ufetubus (D:3)
  4 worms
  4 dart slugs
  9 orcs
  3 endoplasms
  3 giant cockroaches
  A goblin (D:2)
  10 hobgoblins
  6 kobolds
  3 quokkas (D:1)
  9 ball pythons
  7 bats
  3 frilled lizards (D:1)
  3 rats
85 creatures vanquished.

Vanquished Creatures (others)
  A wizard (D:4)
1 creature vanquished.

Grand Total: 86 creatures vanquished

Notes
Turn   | Place    | Note
-------+----------+-------------------------------------------
     0 | D:1      | scionoferis the Spriggan Artificer began the quest for the
                  | Orb.
     0 | D:1      | Reached XP level 1. HP: 9/9 MP: 2/2
     9 | D:1      | Noticed a black mamba
    77 | D:1      | Reached skill level 1 in Fighting
    88 | D:1      | Reached XP level 2. HP: 14/14 MP: 3/3
   188 | D:1      | Found Rusidos's Distillery.
   503 | D:1      | Reached XP level 3. HP: 18/18 MP: 4/4
  1091 | D:2      | Reached XP level 4. HP: 12/23 MP: 5/5
  1646 | D:3      | Noticed Grinder
  2062 | D:3      | Reached skill level 1 in Short Blades
  2187 | D:4      | Reached XP level 5. HP: 9/26 MP: 6/6
  2329 | D:4      | Noticed Edmund
  2383 | D:4      | Noticed a phantom
  2398 | D:4      | Killed a phantom
  2399 | D:4      | Reached skill level 1 in Shields
  2598 | D:4      | Reached skill level 5 in Evocations
  2598 | D:4      | Reached XP level 6. HP: 10/32 MP: 7/7
  2761 | D:4      | Identified the +11 sling of the Mauling Shark {flame,
                  | Contam rCorr Int+8 Dex+3}
  2804 | D:4      | Found a bloodstained altar of Trog.
  2807 | D:4      | Noticed a wizard
  2812 | D:4      | Killed a wizard
  3615 | D:5      | Entered Level 5 of the Dungeon
  3760 | D:5      | Reached XP level 7. HP: 25/36 MP: 8/8
  4158 | D:5      | Found a snail-covered altar of Cheibriados.
  4164 | D:5      | Found a sparkling altar of Nemelex Xobeh.
  4169 | D:5      | Found a glowing golden altar of the Shining One.
  4176 | D:5      | Became a worshipper of Nemelex Xobeh the Trickster
  4267 | D:5      | Reached skill level 5 in Dodging
  4398 | D:5      | Reached skill level 1 in Invocations
  4501 | D:5      | Reached skill level 5 in Stealth
  4726 | D:4      | Killed from afar by an orc priest

Illustrated notes

Levels and vault maps discovered:
D:1:      sevenhm_arrival_forest_fort_small_2, layout_rooms, serial_shops,
          nicolae_shop_trees, minmay_misc_feat_rugged
D:2:      layout_rooms
D:3:      layout_rooms, serial_aquarium, aquarium_bridge_straight
          [aquarium_subvault_bridge, aquarium_subvault_wall,
          aquarium_subvault_bridge, aquarium_subvault_balcony],
          aquarium_window_corner, aquarium_window_fake, aquarium_view_2a,
          aquarium_balcony_3a, aquarium_pool_2, uniq_grinder
D:4:      layout_basic, trog_wizard, uniq_edmund
D:5:      layout_basic, minmay_overflow_temple_star_quad

Skill      XL: |  1  2  3  4  5  6  7 |
---------------+----------------------+-----
Fighting       | 1 2 3 |  3.5
Stealth        | 2 3 4 5 |  5.1
Short Blades   | 1 2 3 4 |  4.0
Dodging        | 4 5 |  5.1
Shields        | 1 |  1.8
Evocations     | 5 |  5.8
Invocations    | 1 |  1.2

Action                   |  1- 3 |  4- 6 |  7- 9 || total
-------------------------+-------+-------+-------++-------
Melee: Spear             |   213 |       |       ||   213
       Dagger            |    15 |   251 |    43 ||   309
 Fire: Sling             |       |    99 |    52 ||   151
Throw: Dart              |       |    11 |     5 ||    16
Evoke: Wand              |    10 |     8 |       ||    18
 Stab: Sleeping          |     7 |     4 |       ||    11
Armor: Robe              |    12 |    16 |     3 ||    31
Dodge: Dodged            |   150 |   225 |    45 ||   420
Block: Buckler           |    37 |    61 |    16 ||   114

Table legend: (Time is in decaauts)
 A = Elapsed time spent in this place.
 B = Non-inter-level travel time spent in this place.
 C = Inter-level travel time spent in this place.
 D = Time resting spent in this place.
 E = Time spent auto-exploring this place.
 F = Levels seen in this place.
 G = Mean time per level.
                   A        B        C        D        E       F      G
               +--------+--------+--------+--------+--------+-----+--------+
         Total |   3721 |   3639 |     82 |    540 |   1646 |   5 |  744.2 |
       Dungeon |   3721 |   3639 |     82 |    540 |   1646 |   5 |  744.2 |
               +--------+--------+--------+--------+--------+-----+--------+

Top non-repeatable levels by time:
     D:4: 1109 daAuts
     D:5: 823 daAuts
     D:1: 630 daAuts
     D:2: 613 daAuts
     D:3: 543 daAuts
